 Dungeon Crawl Stone Soup version 0.31.0-11-ge490571c62 (webtiles) character file.

Game seed: 16340641116387248497

249 LabCoat the Trooper (level 6, -4/56 HPs)
             Began as a Hill Orc Fighter on Feb 7, 2024.
             Slain by a sickly merfolk siren (14 damage)
             ... in a sewer.
             The game lasted 00:07:26 (1572 turns).

LabCoat the Trooper (Hill Orc Fighter)              Turns: 1572, Time: 00:07:26

Health: -4/56      AC:  9    Str: 21    XL:     6   Next: 12%
Magic:  6/6        EV:  9    Int:  8    God:
Gold:   230        SH:  4    Dex: 10    Spells: 5/5 levels left

rFire   . . .        a - +0 war axe
rCold   . . .        c - +0 buckler
rNeg    + + .        b - +0 scale mail
rPois   .            q - +0 helmet
rElec   .            (no cloak)
rCorr   .            (no gloves)
SInv    .            g - +0 pair of boots
Will    .....        (no amulet) Stlth
                     h - ring of positive energy
HPRegen 0.29/turn    k - ring of positive energy
MPRegen 0.10/turn

%: no passive effects
@: mighty, very slow
A: no striking features
a: no special abilities


You were in a sewer.
You visited 1 branch of the dungeon, and saw 3 of its levels.
You also visited: Sewer.

You collected 230 gold pieces.

Inventory:

Hand Weapons
 a - a +0 war axe (weapon)
Missiles
 n - 3 javelins (quivered)
 o - a throwing net
Armour
 b - a +0 scale mail (worn)
 c - a +0 buckler (worn)
 g - a +0 pair of boots (worn)
 q - a +0 helmet (worn)
Jewellery
 e - a +6 ring of intelligence
 h - a ring of positive energy (left hand)
 k - a ring of positive energy (right hand)
Wands
 p - a wand of polymorph (9)
Scrolls
 i - a scroll of teleportation {unknown}
 m - 2 scrolls of enchant armour {unknown}
 s - a scroll of fog {unknown}
Potions
 j - a potion of brilliance
 l - 2 potions of enlightenment


   Skills:
 * Level 5.0 Fighting
 * Level 4.2 Axes
 + Level 1.4 Throwing
 * Level 4.3 Armour
 + Level 0.9 Dodging
 + Level 3.6 Shields
 * Level 2.0 Evocations


You had 5 spell levels left.
You didn't know any spells.
Your spell library was empty.

Dungeon Overview and Level Annotations

Branches:
Dungeon (3/15)              Sewer (1/1)

Altars:


Message History

You closely miss the rat. The rat bites you.
You block the sickly merfolk siren's attack.
The rat bites you but does no damage.
You barely miss the sickly merfolk siren.
The sickly merfolk siren is heavily wounded.
You slash the rat!
You kill the rat!
The sickly merfolk siren chants a haunting song.
You resist with almost no effort.
Your unstable footing causes you to fumble your attack.
The quokka splashes around in the water.
The sickly merfolk siren barely misses you.
The quokka barely misses you.
The sickly merfolk siren chants a haunting song.
You are mesmerised by the sickly merfolk siren!
You barely miss the quokka. You hit the sickly merfolk siren.
You are no longer entranced.
You block the quokka's attack.
The sickly merfolk siren hits you but does no damage.
You barely miss the quokka.
You barely miss the sickly merfolk siren.
The quokka barely misses you.
You block the sickly merfolk siren's attack.
The quokka splashes around in the water.
You slash the quokka!
You kill the quokka!
You hit the sickly merfolk siren.
The sickly merfolk siren chants a haunting song.
You resist. The sickly merfolk siren hits you!
You closely miss the sickly merfolk siren.
The sickly merfolk siren is severely wounded.
The sickly merfolk siren hits you!
You closely miss the sickly merfolk siren.
The sickly merfolk siren is severely wounded.
The sickly merfolk siren hits you!
* * * LOW HITPOINT WARNING * * *
You barely miss the sickly merfolk siren.
The sickly merfolk siren is severely wounded.
The sickly merfolk siren hits you!
You die...

#### ##~.##
###~~~.#######
#∩∩~~~~.......
##############
##########≈~≈≈≈≈≈≈≈~≈
#≈≈m@~~~~~~~~~†..~..~
#≈~†#############..##
#≈≈≈#. #### ~~~~ #.
... .. .# ##


You could see a sickly merfolk siren.

Vanquished Creatures
  A scorpion zombie (D:2)
  Robin (D:2)
  4 gnolls (D:2)
  7 adders
  2 river rats
  2 adder skeletons (D:2)
  A dart slug (D:1)
  3 ribbon worms (D:3)
  3 endoplasms (D:1)
  3 giant cockroaches
  13 goblins
  6 hobgoblins
  4 jackals (D:3)
  5 kobolds
  3 quokkas
  3 ball pythons
  2 ball python zombies (D:2)
  3 bats
  3 frilled lizards
  16 rats
85 creatures vanquished.

Notes
Turn   | Place    | Note
-------+----------+-------------------------------------------
     0 | D:1      | LabCoat the Hill Orc Fighter began the quest for the Orb.
     0 | D:1      | Reached XP level 1. HP: 19/19 MP: 1/1
    94 | D:1      | Reached XP level 2. HP: 17/27 MP: 2/2
   313 | D:1      | Reached XP level 3. HP: 30/33 MP: 3/3
   330 | D:1      | Reached skill level 4 in Fighting
   610 | D:2      | Reached skill level 1 in Evocations
   610 | D:2      | Reached XP level 4. HP: 37/40 MP: 4/4
   799 | D:2      | Reached skill level 1 in Throwing
   802 | D:2      | Reached XP level 5. HP: 24/47 MP: 5/5
   892 | D:2      | Noticed Robin
   910 | D:2      | Killed Robin
  1324 | D:3      | Reached XP level 6. HP: 14/55 MP: 6/6
  1334 | D:3      | Found a glowing drain.
  1341 | Sewer    | Entered a sewer
  1562 | Sewer    | Reached skill level 5 in Fighting
  1572 | Sewer    | Slain by a sickly merfolk siren

Illustrated notes

Levels and vault maps discovered:
D:1:      amcnicky_arrival_flooded_fountain, layout_rooms, minmay_pentomino_t2
D:2:      layout_rooms, serial_undead, serial_undead_f, serial_undead_e,
          serial_undead_c, serial_undead_d, uniq_robin
D:3:      layout_loops_ring, grunt_gozag_statues, marbit_many_paths,
          mainiacjoe_overflow_small_starburst,
          shapermc_ecumenical_altar_notcrosses, lightli_sewer_entry_pipes
Sewer:    sewer_sea

Skill      XL: |  1  2  3  4  5  6 |
---------------+-------------------+-----
Axes           | 3 4 |  4.2
Fighting       | 4 5 |  5.0
Evocations     | 1 2 |  2.0
Throwing       | 1 |  1.4
Armour         | 4 |  4.3
Dodging        | |  0.9
Shields        | |  3.6

Action                     |  1- 3 |  4- 6 || total
---------------------------+-------+-------++-------
  Melee: War axe           |    62 |   144 ||   206
         Unarmed           |       |     4 ||     4
    Use: Scroll            |       |     3 ||     3
         Potion            |       |     2 ||     2
   Stab: Confused          |       |     1 ||     1
 Armour: Scale mail        |    55 |   124 ||   179
  Dodge: Dodged            |    23 |    60 ||    83
  Block: Buckler           |    11 |    34 ||    45
